 Dungeon Crawl Stone Soup version 0.30-a0-358-g0d69a1922f (webtiles) character file.

Game seed: 18428044962558267966

517 mopl the Chopper (level 7, -6/52 HPs)
             Began as a Formicid Warper on Nov 9, 2022.
             Was a Follower of Okawaru.
             Killed by divine providence
             ... invoked by an orc priest
              (9 damage)
             ... on level 3 of the Dungeon.
             The game lasted 00:06:00 (1902 turns).

mopl the Chopper (Formicid Warper)                  Turns: 1902, Time: 00:06:02

Health: -6/52      AC: 10    Str: 24    XL:     7   Next: 44%
Magic:  11/11      EV:  7    Int: 12    God:    Okawaru [*.....]
Gold:   169        SH:  8    Dex: 13    Spells: 6/12 levels left

rFire   + . .      SeeInvis +    a - +0 battleaxe
rCold   . . .      Faith    .    n - +0 kite shield
rNeg    + . .      Spirit   .    b - +0 chain mail {rN+}
rPois   .          Reflect  .    (helmet unavailable)
rElec   .          Harm     .    (no cloak)
rCorr   .          Rampage  .    (no gloves)
Will    .....                    j - +0 pair of boots
Stlth   ..........               (no amulet)
HPRegen 0.28/turn                e - ring of protection from fire
MPRegen 0.12/turn                x - +6 ring of strength

@: no status effects
A: permanent stasis, dig shafts and tunnels, antennae 3, four strong arms
a: Dig, Shaft Self, Renounce Religion, Heroism


You were on level 3 of the Dungeon.
You worshipped Okawaru.
Okawaru was aware of your devotion.
You visited 1 branch of the dungeon, and saw 3 of its levels.
You also visited: Sewer.

You collected 169 gold pieces.

Inventory:

Hand Weapons
 a - a +0 battleaxe (weapon)
 q - a +0 hand axe
Missiles
 c - 7 boomerangs of dispersal (quivered)
 d - 6 atropa-tipped darts
Armour
 b - a +0 chain mail of positive energy (worn)
 j - a +0 pair of boots (worn)
 n - a +0 kite shield (worn)
Jewellery
 e - a ring of protection from fire (left hand)
 t - a ring of wizardry
 w - a ring of ice
 x - a +6 ring of strength (right hand)
Scrolls
 h - a scroll of magic mapping {unknown}
 k - 2 scrolls of identify {unknown}
 m - a scroll of fear {unknown}
 p - 3 scrolls of enchant armour {unknown}
 y - a scroll of enchant weapon {unknown}
Potions
 f - a potion of resistance {unknown}
 g - a potion of cancellation {unknown}
 i - a potion of ambrosia {unknown}
 l - 4 potions of curing {unknown}
 o - a potion of might {unknown}
 r - a potion of berserk rage {unknown}
 s - a potion of degeneration {unknown}
 u - 3 potions of flight
 v - a potion of invisibility {unknown}


   Skills:
 + Level 3.2 Fighting
 * Level 3.8 Axes
 + Level 2.3 Throwing
 + Level 2.5 Armour
 + Level 2.5 Dodging
 + Level 2.4 Shields
 + Level 3.1 Spellcasting
 + Level 3.4 Translocations
 + Level 2.0 Invocations
 + Level 1.7 Evocations


You had 6 spell levels left.
You knew the following spells:

 Your Spells              Type           Power      Damage    Failure   Level
a - Lesser Beckoning      Tloc           20%        N/A       98%         3
b - Teleport Other        Tloc           10%        N/A       98%         3

Your spell library contained the following spells:

 Spells                   Type           Power      Damage    Failure   Level
 Foxfire                  Conj/Fire      4%         2x1d4     99%         1
 Vhi's Electric Charge    Tloc/Air       10%        N/A       100%        3
 Manifold Assault         Tloc           10%        N/A       100%        4
 Fireball                 Conj/Fire      0%         3d3       100%        5
 Starburst                Conj/Fire      0%         6d3       100%        6
 Blink                    Tloc           Unusable   N/A       N/A         2

Dungeon Overview and Level Annotations

Branches:
Dungeon (3/15)              Sewer (visited)

Altars:
Okawaru

Shops:
D:2 [


Innate Abilities, Weirdness & Mutations

You cannot be hasted, slowed, berserked, paralysed or teleported.
You can dig through walls and to a lower floor.
You have a pair of large antennae on your head. (SInv)
Your four strong arms can wield two-handed weapons with a shield.


Message History

You block the orc priest's attack.
You closely miss the orc priest.
The orc priest is moderately wounded.
The orc hits you from afar with a +0 trident.
* * * LOW HITPOINT WARNING * * *
The orc priest hits you but does no damage. x2
The orc barely misses you.
You closely miss the orc priest.
The orc priest is moderately wounded.
You block the orc's attack.
The orc priest begins to cast a cantrip, but forgets the words!
You block the orc's attack. The orc priest barely misses you.
You slash the orc priest!
The orc priest is almost dead.
The orc hits you from afar with a +0 trident.
* * * LOW HITPOINT WARNING * * *
You block the orc priest's attack.
You closely miss the orc priest.
The orc priest is almost dead.
You block the orc's attack. The orc priest closely misses you.
The orc priest mumbles some strange prayers to Beogh against you.
You struggle to resist.
You block the orc's attack.
You closely miss the orc priest.
The orc priest is almost dead.
You block the orc's attack. You block the orc priest's attack.
The orc hits you but does no damage.
The orc priest calls down the wrath of Beogh upon you.
You struggle to resist.
You closely miss the orc priest.
The orc priest is almost dead.
The orc hits you from afar with a +0 trident.
* * * LOW HITPOINT WARNING * * *
The orc priest hits you but does no damage.
You barely miss the orc priest.
The orc priest is almost dead.
The orc hits you from afar with a +0 trident.
* * * LOW HITPOINT WARNING * * *
The orc priest calls down the wrath of Beogh upon you.
Beogh smites you!
You die...

##...#.# #..# #..
##.##.# #..# #.<
#.##.# #..# #..
#.##.#####..########.
#....................
#...........########.
#.##.######†...# #.
#.##.# ####.# #(
#.##@# #.# #. #.##o#
#†# #. #.##o# #.# ##
#.##o# #.# #.# #.#
#.# #.# #.# #.# #.#
#.# #>#


You could see an orc priest and 2 orcs.

Vanquished Creatures
  Sigmund (D:2)
  An ogre (D:3)
  An orc priest (D:3)
  A merfolk siren (Sewer)
  An orc wizard (D:3)
  A merfolk avatar (Sewer)
  7 adders
  A river rat (Sewer)
  2 worms (D:2)
  2 dart slugs (D:1)
  5 orcs (D:3)
  10 ball pythons
  6 endoplasms
  6 giant cockroaches
  3 goblins
  4 hobgoblins
  3 kobolds
  A quokka (D:2)
  5 bats
  4 frilled lizards
  27 rats
92 creatures vanquished.

Notes
Turn   | Place    | Note
-------+----------+-------------------------------------------
     0 | D:1      | mopl the Formicid Warper began the quest for the Orb.
     0 | D:1      | Reached XP level 1. HP: 16/16 MP: 3/3
   234 | D:1      | Reached XP level 2. HP: 22/22 MP: 5/5
   338 | D:1      | Reached skill level 2 in Dodging
   471 | D:1      | Reached XP level 3. HP: 21/28 MP: 6/6
   487 | D:1      | Learned a level 3 spell: Lesser Beckoning
   491 | D:1      | Learned a level 3 spell: Teleport Other
   734 | D:2      | Found an iron altar of Okawaru.
   747 | D:2      | Became a worshipper of Warmaster Okawaru
   777 | D:2      | Found Lohuhem's Armour Shop.
   778 | D:2      | Noticed Sigmund
   798 | D:2      | Killed Sigmund
   799 | D:2      | Reached skill level 3 in Axes
   799 | D:2      | Reached skill level 2 in Armour
   799 | D:2      | Reached skill level 1 in Shields
   799 | D:2      | Reached skill level 3 in Translocations
   799 | D:2      | Reached skill level 1 in Invocations
   799 | D:2      | Reached skill level 1 in Evocations
   799 | D:2      | Reached XP level 4. HP: 27/34 MP: 6/8
   799 | D:2      | Reached XP level 5. HP: 31/39 MP: 6/9
   799 | D:2      | Reached XP level 6. HP: 37/46 MP: 6/10
  1272 | D:3      | Reached skill level 2 in Throwing
  1281 | D:3      | Found a glowing drain.
  1326 | Sewer    | Entered a sewer
  1347 | Sewer    | Reached skill level 3 in Fighting
  1459 | Sewer    | Reached skill level 2 in Shields
  1748 | D:3      | Reached XP level 7. HP: 36/52 MP: 11/11
  1773 | D:3      | Reached * piety under Okawaru
  1774 | D:3      | Reached skill level 3 in Spellcasting
  1804 | D:3      | Reached skill level 2 in Invocations
  1902 | D:3      | Killed from afar by an orc priest

Illustrated notes

Levels and vault maps discovered:
D:1:      lemuel_arrival_funnel, layout_loops_cross, minmay_tetromino_s2
D:2:      layout_basic, basic_altar, serial_shops, nicolae_shop_statue_plus,
          uniq_sigmund
D:3:      layout_loops_ring, gup_sewer_entry_glass

Skill      XL: |  1  2  3  4  5  6  7 |
---------------+----------------------+-----
Dodging        | 2 |  2.5
Axes           | 3 |  3.8
Armour         | 2 |  2.5
Shields        | 1 2 |  2.4
Translocations | 3 |  3.4
Invocations    | 1 2 |  2.0
Evocations     | 1 |  1.7
Throwing       | 2 |  2.3
Fighting       | 3 |  3.2
Spellcasting   | 3 |  3.1

Action                   |  1- 3 |  4- 6 |  7- 9 || total
-------------------------+-------+-------+-------++-------
Melee: Hand axe          |    75 |       |       ||    75
       Battleaxe         |     6 |   134 |    38 ||   178
Evoke: Wand              |     3 |       |       ||     3
  Use: Potion            |       |     1 |       ||     1
Armor: Leather armour    |    12 |       |       ||    12
       Chain mail        |    31 |    87 |    18 ||   136
Dodge: Dodged            |    32 |    35 |    12 ||    79
Block: Kite shield       |    16 |    67 |    23 ||   106

Table legend: (Time is in decaauts)
 A = Elapsed time spent in this place.
 B = Non-inter-level travel time spent in this place.
 C = Inter-level travel time spent in this place.
 D = Time resting spent in this place.
 E = Time spent auto-exploring this place.
 F = Levels seen in this place.
 G = Mean time per level.
                   A        B        C        D        E       F      G
               +--------+--------+--------+--------+--------+-----+--------+
         Total |   2059 |   2051 |      8 |     61 |   1088 |   4 |  514.8 |
       Dungeon |   1676 |   1668 |      8 |      0 |   1028 |   3 |  558.7 |
         Sewer |    382 |    382 |      0 |     61 |     59 |   1 |  382.0 |
               +--------+--------+--------+--------+--------+-----+--------+

Top non-repeatable levels by time:
     D:1: 734 daAuts
     D:2: 581 daAuts
   Sewer: 382 daAuts
     D:3: 360 daAuts
